 Dungeon Crawl Stone Soup version 0.25.1-2-g60ff931df9 (webtiles) character file.

Game seed: 7906540385279951472

88 funkygono the Conjurer (level 4, -1/30 HPs)
             Began as a Demonspawn Conjurer on Oct 31, 2020.
             Slain by a worm (4 damage)
             ... on level 3 of the Dungeon.
             The game lasted 00:04:51 (2355 turns).

funkygono the Conjurer (Demonspawn Conjurer)        Turns: 2355, Time: 00:04:51

Health: -1/30      AC:  4    Str:  9    XL:     4   Next: 29%
Magic:  1/7        EV: 12    Int: 17    God:
Gold:   109        SH:  0    Dex: 13    Spells: 5/8 levels left

rFire    . . .     SeeInvis .   i - +2 dagger (freeze)
rCold    . . .     Gourm    .   (no shield)
rNeg     . . .     Faith    .   a - +2 robe
rPois    .         Spirit   .   (no helmet)
rElec    .         Reflect  .   (no cloak)
rCorr    +         Harm     .   (no gloves)
MR       .....                  (no boots)
Stlth    +++.......             (no amulet)
HPRegen  0.10/turn              e - ring of resist corrosion
MPRegen  0.10/turn              (no ring)

@: no status effects
A: hooves 2, nightstalker 1
a: no special abilities


You were on level 3 of the Dungeon.
You were not hungry.

You visited 1 branch of the dungeon, and saw 3 of its levels.

You collected 109 gold pieces.

Inventory:

Hand Weapons
 i - a +2 dagger of freezing (weapon)
Missiles
 b - 58 stones (quivered)
Armour
 a - a +2 robe (worn)
Jewellery
 e - a ring of resist corrosion (left hand)
Potions
 d - a potion of invisibility {unknown}
 g - a potion of brilliance {unknown}
 j - 2 potions of ambrosia {unknown}
 k - 3 potions of flight {unknown}
 m - a potion of stabbing {unknown}
 n - 2 potions of might {unknown}
 o - a potion of degeneration {unknown}
Comestibles
 c - 4 rations
 h - a chunk of flesh


   Skills:
 + Level 2.0 Dodging
 - Level 1.7 Stealth
 + Level 2.5 Spellcasting
 + Level 5.4 Conjurations


You had 5 spell levels left.
You knew the following spells:

 Your Spells              Type           Power        Failure   Level  Hunger
a - Magic Dart            Conj           ###.         1%          1    #......
b - Searing Ray           Conj           ###...       3%          2    ##.....

Your spell library contained the following spells:

 Spells                   Type           Power        Failure   Level  Hunger
 Dazzling Flash           Conj/Hex       ##....       19%         3    ###....
 Fulminant Prism          Conj/Hex       ##........   52%         4    #####..
 Iskenderun's Mystic Bla  Conj/Tloc      ##......     52%         4    #####..


Dungeon Overview and Level Annotations

Branches:
Dungeon (3/15)

Altars:
Gozag
Hepliaklqana
Trog
Uskayaw
The Shining One


Innate Abilities, Weirdness & Mutations

You have hoof-like feet.
You are slightly more attuned to the shadows.


Message History

Aim: a worm (lightly wounded)
The magic dart hits the worm.
The worm is lightly wounded.
Casting: Magic Dart (safe; 1% risk of failure)
Confirm with . or Enter, or press ? or * to list all spells.
You don't have enough magic to cast that spell.
Unknown command.
The worm bites you!
You barely miss the worm. You hit the worm. You freeze the worm.
The worm is lightly wounded.
The worm bites you!
* * * LOW HITPOINT WARNING * * *
You barely miss the worm.
The worm is lightly wounded.
Unknown command.
You hit the worm. You freeze the worm.
The worm is lightly wounded.
The worm bites you.
You die...

#...#.## #. #...#..÷ #.#.#
#...##.. ### ###
#.#.#####...####
.....#.#.#.........#...
###.#.#.#.......#...#.##
...... #.........#.#.##
#####.#.###.....#.#.#.#.##
................
......<.÷...
#..w.....#.###
###.######## #........#.#


You could see a worm.

Vanquished Creatures
  3 adders (D:2)
  A worm (D:2)
  3 dart slugs
  2 leopard geckos (D:3)
  2 orcs (D:3)
  4 bats
  4 giant cockroaches
  5 goblins
  5 hobgoblins
  4 jackals (D:2)
  3 frilled lizards
  4 kobolds
  5 rats
45 creatures vanquished.

Notes
Turn   | Place    | Note
-------+----------+-------------------------------------------
     0 | D:1      | funkygono the Demonspawn Conjurer began the quest for the
                  | Orb.
     0 | D:1      | Reached XP level 1. HP: 13/13 MP: 3/3
   277 | D:1      | Gained mutation: You have large cloven feet. [demonic
                  | ancestry]
   277 | D:1      | Reached XP level 2. HP: 19/19 MP: 3/5
   317 | D:1      | Learned a level 2 spell: Searing Ray
   924 | D:2      | Found a hazy altar of Hepliaklqana.
   950 | D:2      | Found a hide-covered altar of Uskayaw.
   952 | D:2      | Found a glowing golden altar of the Shining One.
   952 | D:2      | Found a bloodstained altar of Trog.
  1001 | D:2      | Found an opulent altar of Gozag.
  1150 | D:2      | Gained mutation: You are slightly more attuned to the
                  | shadows. [demonic ancestry]
  1150 | D:2      | Reached XP level 3. HP: 18/24 MP: 2/6
  1151 | D:2      | Reached skill level 5 in Conjurations
  1636 | D:2      | You fall into a shaft and drop 1 floor!
  1957 | D:2      | Gained mutation: You have hoof-like feet. [demonic
                  | ancestry]
  1957 | D:2      | Reached XP level 4. HP: 30/30 MP: 1/7
  2355 | D:3      | Slain by a worm

Illustrated notes

Levels and vault maps discovered:
D:1:      minmay_arrival_four_houses, layout_basic
D:2:      layout_loops_ring, grunt_gozag_statues, grunt_temple_overflow_open
D:3:      layout_basic, chequers_temple_overflow_minitemple,
          nicolae_overflow_crystal_walls, biasface_ghost_orc_armoury,
          st_stairs_5, uniq_robin

Skill      XL: |  1  2  3 |
---------------+----------+-----
Conjurations   | 5 |  5.4
Dodging        | 2 |  2.0
Stealth        | |  1.7
Spellcasting   | |  2.5

Action                   |  1- 3 |  4- 6 || total
-------------------------+-------+-------++-------
Melee: Unarmed           |     1 |       ||     1
       Dagger            |    10 |    10 ||    20
       Kick              |     3 |       ||     3
 Cast: Magic Dart        |    61 |    12 ||    73
       Searing Ray       |     8 |     6 ||    14
  Use: Scroll            |     2 |     2 ||     4
  Eat: Chunk             |     4 |     2 ||     6
Armor: Robe              |     5 |       ||     5
Dodge: Dodged            |    15 |     3 ||    18
